 Dungeon Crawl Stone Soup version 0.29-a0-822-ga620ab95ad (webtiles) character file.

Game seed: 3297924500770394586

97 Morbidden the Gusty (level 4, -1/25 HPs)
             Began as a Deep Elf Air Elementalist on July 8, 2022.
             Slain by Pargi (7 damage)
             ... on level 4 of the Dungeon.
             The game lasted 00:03:35 (3772 turns).

Morbidden the Gusty (Deep Elf Air Elementalist)     Turns: 3772, Time: 00:03:35

Health: -1/25      AC:  4    Str:  4 (5)  XL:     4   Next: 42%
Magic:  11/11      EV: 11    Int: 21 (22) God:
Gold:   170        SH:  0    Dex: 12 (15) Spells: 7/10 levels left

rFire   . . .      SeeInvis .   a - +2 short sword (holy)
rCold   . . .      Faith    .   (no shield)
rNeg    . . .      Spirit   .   w - +0 leather armour
rPois   .          Reflect  .   (no helmet)
rElec   .          Harm     .   o - +0 cloak
rCorr   .          Rampage  .   (no gloves)
Will    .....                   (no boots)
Stlth   ++........              (no amulet)
HPRegen 0.08/turn               (no ring)
MPRegen 0.12/turn               (no ring)

@: brilliant, weak-willed, attractive, hasted, very quick
A: no striking features
a: no special abilities


You were on level 4 of the Dungeon.
You visited 1 branch of the dungeon, and saw 4 of its levels.

You collected 170 gold pieces.

Inventory:

Hand Weapons
 a - a +2 short sword of holy wrath (weapon)
Missiles
 e - 2 poisoned darts
Armour
 o - a +0 cloak (worn)
 w - a +0 leather armour (worn)
Scrolls
 f - a scroll of immolation
 g - a scroll of identify
 n - 2 scrolls of poison
 q - a scroll of torment {unknown}
 v - a scroll of enchant armour {unknown}
Potions
 b - a potion of magic
 d - 2 potions of haste
 p - a potion of resistance {unknown}
 r - a potion of cancellation
 s - 2 potions of degeneration
 t - a potion of curing {unknown}
 u - a potion of heal wounds {unknown}


   Skills:
 * Level 1.0 Fighting
 * Level 2.7 Dodging
 + Level 2.4 Stealth
 * Level 3.8 Spellcasting
 * Level 2.3 Conjurations
 * Level 4.0 Air Magic


You had 7 spell levels left.
You knew the following spells:

 Your Spells              Type           Power      Damage    Failure   Level
a - Shock                 Conj/Air       100%       1d9       6%          1
b - Static Discharge      Conj/Air       26%        3-7/arc   9%          2

Your spell library contained the following spells:

 Spells                   Type           Power      Damage    Failure   Level
 Swiftness                Air            31%        N/A       13%         3
 Poisonous Vapours        Pois/Air       36%        N/A       14%         2
 Airstrike                Air            15%        0-6+      38%         4
 Call Canine Familiar     Summ           6%         N/A       54%         3
 Portal Projectile        Hex/Tloc       12%        N/A       54%         3
 Corpse Rot               Necr/Pois/Air  14%        N/A       77%         4
 Leda's Liquefaction      Hex/Erth       3%         N/A       91%         4


Dungeon Overview and Level Annotations

Branches:
Dungeon (4/15)
 Temple: D:4-7

Altars:

Annotations:
D:4 Pargi


Message History

Pargi bites you! Pargi barely misses you. x2
Unknown command.
You hit Pargi.
Pargi is lightly wounded.
Pargi barely misses you. Pargi claws you but does no damage. Pargi claws you.
Unknown command.
It was a potion of haste.
You feel yourself speed up. Pargi bites you.
* * * LOW HITPOINT WARNING * * *
Pargi claws you.
* * * LOW HITPOINT WARNING * * *
Pargi barely misses you.
Unknown command.
Okay, then.
Unknown command.
You hear the rapid rusting of a drain very nearby.
As you read the scroll labelled FUCLIN KEAHI, it crumbles to dust.
You feel aware of your surroundings.
You sensed 1 altar, and 1 shop/portal.
It was a scroll of magic mapping.
Unknown command.
As you read the scroll labelled KEONE REITAN, it crumbles to dust.
Magic quickly surges around you.
It was a scroll of vulnerability.
Unknown command.
The air fills with toxic fumes!
As you read the scroll labelled YCIPLO HAERCH, it crumbles to dust.
It was a scroll of poison.
Unknown command.
You aren't carrying any items that you can evoke.
Unknown command.
It was a potion of degeneration.
There was something very wrong with that liquid.
You feel weakened.
You feel dopey.
You feel clumsy.
Unknown command.
It was a potion of brilliance.
You feel clever all of a sudden.
Pargi is engulfed in poison gas.
Pargi is poisoned.
Unknown command.
It was a potion of attraction.
You feel attractive to monsters.
Pargi is engulfed in poison gas.
Pargi looks even sicker.
Pargi bites you!
You die...

,,,**,* *,,,,....#.....## ###
,,,,,,* *,,*,**#........###..
,,,,,,*******,,,,**#.........##[#
,,,,,,,,,,,,,,,,,,,+.........'...
,,,***,****,,,,,,**#.........##.#
,*,* *,,* *,*,,*** #.T.T....###.#
**,* **,******** #.#....<## #?#
,,,* *≈**≈≈≈≈≈*#####§##...## #..
,*** *≈*≈*****≈#@T§.§###'## ###
,* *≈*≈**≈**≈####### #.# # ,*
*,*,*≈*≈*,* #.# # ,* *,*≈*∩*≈*≈*
##.## # ,* *≈*≈***,*,* ##...## #
,* *≈**≈≈,≈*≈******#.....######
** *≈*******≈*,,,,*##..........
**,≈≈≈≈≈≈*****,**##..#######
********* *,,.....#


You could see Pargi (very poisoned, weak-willed).

Vanquished Creatures
  2 adders (D:3)
  6 worms
  3 dart slugs (D:3)
  6 bats
  7 endoplasms
  3 giant cockroaches (D:1)
  4 goblins
  2 hobgoblins
  2 jackals (D:1)
  6 kobolds
  A quokka (D:3)
  6 ball pythons
  2 frilled lizards
  4 rats
54 creatures vanquished.

Vanquished Creatures (others)
  7 plants (D:1)
7 creatures vanquished.

Grand Total: 61 creatures vanquished

Notes
Turn   | Place    | Note
-------+----------+-------------------------------------------
     0 | D:1      | Morbidden the Deep Elf Air Elementalist began the quest for
                  | the Orb.
     0 | D:1      | Reached XP level 1. HP: 10/10 MP: 6/6
   334 | D:1      | Reached XP level 2. HP: 15/15 MP: 4/8
  1043 | D:1      | You fall into a shaft and drop 1 floor!
  1087 | D:2      | Found a faded altar of an unknown god.
  1400 | D:2      | Reached XP level 3. HP: 19/19 MP: 7/9
  1479 | D:2      | Learned a level 2 spell: Static Discharge
  2230 | D:3      | Reached XP level 4. HP: 24/24 MP: 4/11
  2653 | D:3      | Reached skill level 4 in Air Magic
  2672 | D:3      | Found the +3 woodcutter's axe {vorpal}
  3032 | D:3      | Reached skill level 1 in Fighting
  3221 | D:4      | Noticed an ogre
  3742 | D:4      | Noticed Pargi
  3772 | D:4      | Slain by Pargi

Illustrated notes

Levels and vault maps discovered:
D:1:      lightli_iron_boxes, layout_basic, kennysheep_boxes
D:2:      layout_rooms, ebering_ecumenical_altar_webs
D:3:      layout_basic, kennysheep_nub
D:4:      layout_loops_corners, nicolae_ru_great_annihilating_truth,
          gup_sewer_entry_spiral, grunt_ministairs_8, uniq_ijyb, uniq_pargi

Skill      XL: |  1  2  3  4 |
---------------+-------------+-----
Conjurations   | 2 |  2.3
Air Magic      | 4 |  4.0
Fighting       | 1 |  1.0
Dodging        | |  2.7
Stealth        | |  2.4
Spellcasting   | |  3.8

Action                   |  1- 3 |  4- 6 || total
-------------------------+-------+-------++-------
Melee: Short sword       |       |     3 ||     3
 Cast: Shock             |   107 |    30 ||   137
  Use: Scroll            |       |     7 ||     7
       Potion            |       |     4 ||     4
Armor: Robe              |     5 |     1 ||     6
       Leather armour    |       |     4 ||     4
Dodge: Dodged            |     7 |     6 ||    13

Table legend: (Time is in decaauts)
 A = Elapsed time spent in this place.
 B = Non-inter-level travel time spent in this place.
 C = Inter-level travel time spent in this place.
 D = Time resting spent in this place.
 E = Time spent auto-exploring this place.
 F = Levels seen in this place.
 G = Mean time per level.
                   A        B        C        D        E       F      G
               +--------+--------+--------+--------+--------+-----+--------+
         Total |   3766 |   3604 |    162 |    376 |   2836 |   4 |  941.5 |
       Dungeon |   3766 |   3604 |    162 |    376 |   2836 |   4 |  941.5 |
               +--------+--------+--------+--------+--------+-----+--------+

Top non-repeatable levels by time:
     D:3: 1718 daAuts
     D:1: 1265 daAuts
     D:2: 699 daAuts
     D:4: 83 daAuts
